 Dungeon Crawl Stone Soup version 0.26-a0-651-gb41185065b (webtiles) character file.

Game seed: 16312141462811917768

35 kae the Ruffian (level 3, -4/31 HPs)
             Began as a Naga Transmuter on Oct 28, 2020.
             Slain by Sigmund
             ... wielding a +0 scythe
              (10 damage)
             ... on level 2 of the Dungeon.
             The game lasted 00:00:52 (1293 turns).

kae the Ruffian (Naga Transmuter)                   Turns: 1293, Time: 00:00:52

Health: -4/31      AC:  2    Str: 13    XL:     3   Next: 35%
Magic:  6/6        EV: 10    Int: 13    God:
Gold:   46         SH:  0    Dex: 11    Spells: 5/6 levels left

rFire    . . .     SeeInvis +     - Unarmed
rCold    . . .     Faith    .   (no shield)
rNeg     . . .     Spirit   .   a - +0 robe
rPois    +         Reflect  .   (no helmet)
rElec    .         Harm     .   (no cloak)
rCorr    .         Rampage  .   (no gloves)
MR       .....                  (no barding)
Stlth    +.........             (no amulet)
HPRegen  0.10/turn              (no ring)
MPRegen  0.10/turn              (no ring)

@: about to teleport, flying, very slow
A: large, see invisible, deformed body, poison resistance, slowness 2, spit
poison 1, AC +1
a: Spit Poison


You were on level 2 of the Dungeon.
You visited 1 branch of the dungeon, and saw 2 of its levels.

You collected 46 gold pieces.

Inventory:

Armour
 a - a +0 robe (worn)
Jewellery
 b - a +4 ring of evasion {unknown}
Scrolls
 g - a scroll of magic mapping {unknown}
 h - a scroll of identify {unknown}
 i - a scroll of immolation {unknown}
 j - a scroll of noise {unknown}


   Skills:
 - Level 1.0 Fighting
 - Level 1.5 Dodging
 + Level 3.7 Unarmed Combat
 - Level 2.0 Spellcasting
 + Level 2.9 Transmutations


You had 5 spell levels left.
You knew the following spells:

 Your Spells              Type           Power        Failure   Level
a - Beastly Appendage     Tmut           #.....       8%          1

Your spell library contained the following spells:

 Spells                   Type           Power        Failure   Level
 Wereblood                Tmut           #.......     12%         2
 Spider Form              Tmut/Pois      #.........   38%         3
 Ice Form                 Ice/Tmut       #.......     80%         4
 Blade Hands              Tmut           #.........   91%         5


Dungeon Overview and Level Annotations

Branches:
Dungeon (2/15)

Altars:

Annotations:
D:2 Sigmund


Innate Abilities, Weirdness & Mutations

You cannot wear boots.
Your serpentine skin is tough. (AC +1)
You have supernaturally acute eyesight. (SInv)
Armour fits poorly on your strangely shaped body.
Your system is resistant to poisons. (rPois)
You cover ground very slowly.
You can spit poison.


Message History

Your magical effects are unravelling.
You feel magically purged.
Your horns disappear.
The bat hits you but does no damage. The bat closely misses you.
Sigmund points at you and mumbles some strange words.
The puff of flame hits you!
It was a potion of flight.
You feel very buoyant.
You fly up into the air.
The bat hits you. Sigmund hits you with a +0 scythe!
* * * LOW HITPOINT WARNING * * *
As you read the scroll labeled SILAYWO RUETU, it crumbles to dust.
You feel strangely unstable.
It was a scroll of teleportation.
The bat hits you but does no damage. The bat hits you.
* * * LOW HITPOINT WARNING * * *
Sigmund hits you but does no damage.
Okay, then.
The bat hits you.
* * * LOW HITPOINT WARNING * * *
Sigmund hits you from afar with a +0 scythe!
You die...

#.# #.# #.# #.#
#######.#####(#
..............#
#######.#######
#.# ###@###
#....@# #b###.#
... ..# ...
.... #....
.#.## $.$. #...
.... . .. . ...


You could see Sigmund and a bat.

Vanquished Creatures
  An ooze (D:1)
  3 dart slugs (D:1)
  2 leopard geckos
  4 goblins (D:1)
  A hobgoblin (D:1)
  3 jackals (D:1)
  3 bats (D:1)
  A frilled lizard (D:1)
  4 kobolds (D:1)
  2 rats (D:1)
24 creatures vanquished.

Notes
Turn   | Place    | Note
-------+----------+-------------------------------------------
     0 | D:1      | kae the Naga Transmuter began the quest for the Orb.
     0 | D:1      | Reached XP level 1. HP: 18/18 MP: 3/3
   217 | D:1      | Reached XP level 2. HP: 20/25 MP: 5/5
   817 | D:1      | Reached XP level 3. HP: 26/31 MP: 4/6
  1283 | D:2      | Noticed Sigmund
  1293 | D:2      | Slain by Sigmund

Illustrated notes

Levels and vault maps discovered:
D:1:      lemuel_arrival_funnel, layout_rooms
D:2:      layout_loops_ring, uniq_sigmund, uniq_jessica

Action                   || total
-------------------------++-------
Melee: Unarmed           ||    80
       Headbutt          ||    10
 Cast: Beastly Appendage ||    14
  Use: Potion            ||     3
       Scroll            ||     1
Armor: Robe              ||    23
Dodge: Dodged            ||    50

Table legend: (Time is in decaauts)
 A = Elapsed time spent in this place.
 B = Non-inter-level travel time spent in this place.
 C = Inter-level travel time spent in this place.
 D = Time resting spent in this place.
 E = Time spent auto-exploring this place.
 F = Levels seen in this place.
 G = Mean time per level.
                   A        B        C        D        E       F      G
               +--------+--------+--------+--------+--------+-----+--------+
         Total |   1442 |   1425 |     17 |      8 |   1224 |   2 |  721.0 |
       Dungeon |   1442 |   1425 |     17 |      8 |   1224 |   2 |  721.0 |
               +--------+--------+--------+--------+--------+-----+--------+

Top non-repeatable levels by time:
     D:1: 1412 daAuts
     D:2: 30 daAuts
